 Dungeon Crawl Stone Soup version 0.30-a0-137-gd8773701ce (webtiles) character file.

Game seed: 11160776773218499160

28 IdlyInterested the Chopper (level 3, -1/28 HPs)
             Began as a Demonspawn Gladiator on Sept 21, 2022.
             Slain by a goblin
             ... wielding a +0 club
             ... led by Robin
              (6 damage)
             ... on level 2 of the Dungeon.
             The game lasted 00:02:29 (1755 turns).

IdlyInterested the Chopper (Demonspawn Gladiator)   Turns: 1755, Time: 00:02:30

Health: -1/28      AC:  3    Str: 16    XL:     3   Next: 0%
Magic:  3/3        EV: 10    Int:  9    God:
Gold:   41         SH:  7    Dex: 14    Spells: 2/2 levels left

rFire   . . .      SeeInvis .    a - +0 war axe
rCold   . . .      Faith    .    h - +0 kite shield
rNeg    . . .      Spirit   .    b - +0 leather armour
rPois   .          Reflect  .    (helmet restricted)
rElec   .          Harm     .    (no cloak)
rCorr   .          Rampage  .    (no gloves)
Will    .....                    (no boots)
Stlth   +.........               (no amulet)
HPRegen 0.09/turn                (no ring)
MPRegen 0.08/turn                (no ring)

@: no status effects
A: antennae 1, claws 1
a: no special abilities


You were on level 2 of the Dungeon.
You visited 1 branch of the dungeon, and saw 2 of its levels.

You collected 41 gold pieces.

Inventory:

Hand Weapons
 a - a +0 war axe (weapon)
 g - a +0 short sword
Missiles
 d - 3 throwing nets (quivered)
 e - a javelin
Armour
 b - a +0 leather armour (worn)
 c - a +0 helmet
 h - a +0 kite shield (worn)
Scrolls
 f - 2 scrolls of identify {unknown}
Potions
 i - a potion of haste {unknown}
 j - a potion of brilliance {unknown}
 k - a potion of lignification {unknown}


   Skills:
 + Level 2.5 Fighting
 * Level 3.5 Axes
 - Level 1.7 Throwing
 - Level 2.6 Dodging


You had 2 spell levels left.
You didn't know any spells.
Your spell library contained the following spells:

 Spells                   Type           Power      Damage    Failure   Level
 Ensorcelled Hibernation  Hex/Ice        0%         N/A       95%         2
 Spider Form              Tmut/Pois      0%         N/A       99%         3
 Anguish                  Hex/Necr       0%         N/A       100%        4


Dungeon Overview and Level Annotations

Branches:
Dungeon (2/15)

Altars:

Annotations:
D:2 Robin


Innate Abilities, Weirdness & Mutations

You have a pair of small antennae on your head.
You have sharp fingernails.


Message History

A goblin comes into view. It is wielding a +0 club.
You block the goblin's attack. Robin throws the goblin at you!
The goblin hits you with a +0 dagger.
You hit Robin.
Robin is lightly wounded.
You miss the goblin. You slash the goblin!
You kill the goblin!
A goblin comes into view. It is wielding a +0 club.
The goblin hits you with a +0 dagger. You block Robin's attack.
Unknown command.
You closely miss Robin.
Robin is lightly wounded.
You hit the goblin.
You kill the goblin!
Robin roars a battlecry!
The goblins go into a battle-frenzy!
A goblin comes into view. It is wielding a +0 club.
Robin throws the goblin at you!
You have reached level 3!
Your experience leads to an increase in your attributes!
Increase (S)trength, (I)ntelligence, or (D)exterity?
You feel stronger. x2; Your demonic ancestry asserts itself...
A pair of antennae grows on your head!
Your +0 helmet falls away!
You hit Robin.
Robin is moderately wounded.
You hit the goblin. The goblin hits you with a +0 club.
Robin throws the goblin at you!
Unknown command.
You hit Robin.
Robin is heavily wounded.
You closely miss the goblin. x2
A goblin comes into view. It is wielding a +0 club.
You block the goblin's attack. The goblin closely misses you.
Robin roars a battlecry!
The goblin goes into a battle-frenzy!
The goblin hits you with a +0 club.
* * * LOW HITPOINT WARNING * * *
The goblin hits you with a +0 club.
You die...

### ## ####.. ..
..#.##.###
##g#.#....#.
......^....
#gg#....#
#####@.....#
#...gg).##.#
#............
...'.......##.##
.###........# #
#........>.
#.......#...
#######.##... .#
.#.


You could see Robin and 4 goblins.

Vanquished Creatures
  A worm (D:2)
  2 bats (D:1)
  4 goblins
  2 hobgoblins
  6 jackals (D:1)
  3 kobolds (D:1)
  2 ball pythons (D:1)
  2 rats (D:1)
22 creatures vanquished.

Vanquished Creatures (others)
  11 plants (D:1)
  13 withered plants (D:1)
24 creatures vanquished.

Grand Total: 46 creatures vanquished

Notes
Turn   | Place    | Note
-------+----------+-------------------------------------------
     0 | D:1      | IdlyInterested the Demonspawn Gladiator began the quest for
                  | the Orb.
     0 | D:1      | Reached XP level 1. HP: 16/16 MP: 1/1
   168 | D:1      | Reached skill level 3 in Axes
   207 | D:1      | Discovered your monstrous ancestry.
   207 | D:1      | Gained mutation: You have sharp fingernails. [demonic
                  | ancestry]
   207 | D:1      | Reached XP level 2. HP: 22/22 MP: 2/2
  1013 | D:1      | Found a faded altar of an unknown god.
  1748 | D:2      | Noticed Robin
  1754 | D:2      | Gained mutation: You have a pair of small antennae on your
                  | head. [demonic ancestry]
  1754 | D:2      | Reached XP level 3. HP: 14/28 MP: 3/3
  1755 | D:2      | Slain by a goblin

Illustrated notes

Levels and vault maps discovered:
D:1:      amcnicky_arrival_flooded_fountain, layout_basic,
          shapermc_ecumenical_altar_flowoftime
D:2:      layout_basic, serial_shops, shop_statue, minmay_mini_jars, uniq_robin

Skill      XL: |  1 |
---------------+----+-----
Axes           | 3 |  3.5
Fighting       | |  2.5
Throwing       | |  1.7
Dodging        | |  2.6

Action                   || total
-------------------------++-------
Melee: War axe           ||    72
Armor: Leather armour    ||    17
Dodge: Dodged            ||    35
Block: Kite shield       ||     9

Table legend: (Time is in decaauts)
 A = Elapsed time spent in this place.
 B = Non-inter-level travel time spent in this place.
 C = Inter-level travel time spent in this place.
 D = Time resting spent in this place.
 E = Time spent auto-exploring this place.
 F = Levels seen in this place.
 G = Mean time per level.
                   A        B        C        D        E       F      G
               +--------+--------+--------+--------+--------+-----+--------+
         Total |   1788 |   1562 |    226 |    500 |    819 |   2 |  894.0 |
       Dungeon |   1788 |   1562 |    226 |    500 |    819 |   2 |  894.0 |
               +--------+--------+--------+--------+--------+-----+--------+

Top non-repeatable levels by time:
     D:1: 1611 daAuts
     D:2: 176 daAuts
